3L
OAKLAND OAKS @ KINGSTON TOWNSHIP KNIGHTS
08/25/2041
 
TOP OF THE 1ST
Oakland Oaks batting - Pitching for Kingston Township Knights : LHP Chase Sims
Pitching: LHP Chase Sims
Batting: RHB Sebastian Franke 0-0: Called Strike
0-1: Ball
1-1: Foul Ball, location: 2F
1-2: Fly out, F3 (Popup, 34, EV 58.8 MPH)
Batting: RHB John Mast 0-0: Called Strike
0-1: Swinging Strike
0-2: Foul Ball, location: 2F
0-2: SOLO HOME RUN (Flyball, 7D, EV 103.8 MPH), Distance : 405 ft
Batting: RHB Johnny Jones 0-0: Called Strike
0-1: Swinging Strike
0-2: Ball
1-2: Ground out 4-3 (Groundball, 4, EV 107.5 MPH)
Batting: LHB Gabriel Montoya 0-0: Ball
1-0: Ball
2-0: Ground out U3 (Groundball, 3L, EV 103.1 MPH)
Top of the 1st over - 1 run, 1 hit, 0 errors, 0 left on base; Oakland 1 - Kingston Township 0
BOTTOM OF THE 1ST
Kingston Township Knights batting - Pitching for Oakland Oaks : RHP Jesús Gonzáles
Pitching: RHP Jesús Gonzáles
Batting: RHB Daniel Maldonado 0-0: Ball
1-0: Ball
2-0: Ball
3-0: Called Strike
3-1: Foul Ball, location: 2F
3-2: Base on Balls
Batting: SHB Eustacio Tafalla 0-0: Ball
Wild Pitch!
Daniel Maldonado to second
1-0: Foul Ball, location: 2F
1-1: Ball
2-1: Foul Ball, location: 2F
2-2: Fly out, F7 (Flyball, 7LS, EV 93.1 MPH)
Batting: RHB Daniel McCoy 0-0: Called Strike
0-1: Ball
1-1: Foul Ball, location: 2F
1-2: Ball
2-2: Fly out, F8 (Flyball, 8LD, EV 87.5 MPH)
Batting: LHB Ed Mellor 0-0: Ball
1-0: Called Strike
1-1: Ball
2-1: Ball
3-1: 2-RUN HOME RUN (Flyball, 78XD, EV 93.1 MPH), Distance : 464 ft
Batting: RHB Holden Ford 0-0: Ball
1-0: Ground out 4-3 (Groundball, 4, EV 108.1 MPH)
Bottom of the 1st over - 2 runs, 1 hit, 0 errors, 0 left on base; Oakland 1 - Kingston Township 2
TOP OF THE 2ND
Oakland Oaks batting - Pitching for Kingston Township Knights : LHP Chase Sims
Batting: RHB Brock Dean 0-0: Ball
1-0: Fly out, F6 (Popup, 56, EV 71.9 MPH)
Batting: RHB Tony Hernández 0-0: Ball
1-0: Foul Ball, location: 2F
1-1: Ball
2-1: Called Strike
2-2: Foul Ball, location: 2F
2-2: Strikes out looking
Batting: LHB Conor Gotaas 0-0: Ball
1-0: Ground out 1-3 (Groundball, 13, EV 78.8 MPH)
Top of the 2nd over - 0 runs, 0 hits, 0 errors, 0 left on base; Oakland 1 - Kingston Township 2
BOTTOM OF THE 2ND
Kingston Township Knights batting - Pitching for Oakland Oaks : RHP Jesús Gonzáles
Pitching: RHP Won-u Yi
Batting: RHB Amor Campos 0-0: Ball
1-0: Ball
2-0: Called Strike
2-1: Hit by Pitch
Batting: RHB Jorge Ozezera 0-0: Ball
1-0: Foul Ball, location: 2F
1-1: Fielders Choice at 2nd, 4-6 (Groundball, 34, EV 80.6 MPH)
Batting: RHB Dave Broom 0-0: Called Strike
0-1: Ball
1-1: Foul Ball, location: 2F
1-2: Fly out, F6 (Popup, P, EV 80.0 MPH)
Batting: RHB Glenn Curtis 0-0: Ball
1-0: Fielders Choice at 2nd, 6-4 (Groundball, 6, EV 83.1 MPH)
Bottom of the 2nd over - 0 runs, 0 hits, 0 errors, 1 left on base; Oakland 1 - Kingston Township 2
TOP OF THE 3RD
Oakland Oaks batting - Pitching for Kingston Township Knights : LHP Chase Sims
Batting: RHB Esteban Vázquez 0-0: Ball
1-0: Swinging Strike
1-1: SINGLE (Groundball, 15S, EV 61.2 MPH) (infield hit)
Batting: LHB Michael Witt 0-0: Ball
1-0: Foul Ball, location: 2F
1-1: SINGLE (Line Drive, 6MD, EV 98.8 MPH)
Esteban Vázquez to second
Runner from 2nd tries for 3rd, SAFE, throw by CF made to third
Batting: RHB Sebastian Franke 0-0: Foul Ball, location: 2F
0-1: Ball
1-1: Fly out, F9 (Line Drive, 9, EV 98.1 MPH)
Runner from 3rd tags up, SCORES, throw by RF
Batting: RHB John Mast 0-0: Called Strike
0-1: Foul Ball, location: 2F
0-2: Ball
1-2: Strikes out looking
Batting: RHB Johnny Jones 0-0: Ball
1-0: Ball
2-0: Called Strike
2-1: Ground out 4-3 (Groundball, 4, EV 84.4 MPH)
Top of the 3rd over - 1 run, 2 hits, 0 errors, 1 left on base; Oakland 2 - Kingston Township 2
BOTTOM OF THE 3RD
Kingston Township Knights batting - Pitching for Oakland Oaks : RHP Won-u Yi
Batting: RHB Daniel Maldonado 0-0: Foul Ball, location: 2F
0-1: Foul Ball, location: 2F
0-2: Ground out 4-3 (Groundball, 4S, EV 68.8 MPH)
Batting: SHB Eustacio Tafalla 0-0: Ball
1-0: Called Strike
1-1: SINGLE (Line Drive, 8RS, EV 108.8 MPH)
Batting: RHB Daniel McCoy 0-0: Ball
1-0: Swinging Strike
1-1: Ball
2-1: Ball
3-1: DOUBLE (Flyball, 9LD, EV 94.4 MPH)
Eustacio Tafalla to third
Runner from 3rd tries for Home, SAFE, throw by RF to home
Batting: LHB Ed Mellor 0-0: Ball
1-0: Ball
2-0: Called Strike
2-1: Foul Ball, location: 2F
2-2: Ball
3-2: Base on Balls
Batting: RHB Holden Ford 0-0: Ball
1-0: Ball
2-0: Ball
3-0: DOUBLE (Flyball, 8RXD, EV 93.8 MPH)
Daniel McCoy scores
Ed Mellor to third
Batting: RHB Amor Campos 0-0: Ball
1-0: Foul Ball, location: 2F
1-1: 3-RUN HOME RUN (Line Drive, 7D, EV 102.5 MPH), Distance : 419 ft
Batting: RHB Jorge Ozezera 0-0: Swinging Strike
0-1: Foul Ball, location: 2F
0-2: Ground out 6-3 (Groundball, 56, EV 110.0 MPH)
Batting: RHB Dave Broom 0-0: Ball
1-0: Foul Ball, location: 2F
1-1: Called Strike
1-2: Ball
2-2: Ground out 6-3 (Groundball, 56, EV 78.8 MPH)
Bottom of the 3rd over - 5 runs, 4 hits, 0 errors, 0 left on base; Oakland 2 - Kingston Township 7
TOP OF THE 4TH
Oakland Oaks batting - Pitching for Kingston Township Knights : LHP Chase Sims
Batting: LHB Gabriel Montoya 0-0: Called Strike
0-1: Ball
1-1: Swinging Strike
1-2: Fly out, F5 (Flyball, 56D, EV 76.2 MPH)
Batting: RHB Brock Dean 0-0: Foul Ball, location: 2F
0-1: Ball
1-1: Ball
2-1: Ball
3-1: Called Strike
3-2: Foul Ball, location: 2F
3-2: Base on Balls
Batting: RHB Tony Hernández 0-0: Ball
1-0: Called Strike
1-1: Called Strike
1-2: Foul Ball, location: 2F
1-2: Grounds into double play, 6-4-3 (Groundball, 56, EV 101.2 MPH)
Top of the 4th over - 0 runs, 0 hits, 0 errors, 0 left on base; Oakland 2 - Kingston Township 7
BOTTOM OF THE 4TH
Kingston Township Knights batting - Pitching for Oakland Oaks : RHP Won-u Yi
Batting: RHB Glenn Curtis 0-0: Fly out, F6 (Popup, 6MD, EV 51.2 MPH)
Batting: RHB Daniel Maldonado 0-0: Ball
1-0: Ball
2-0: Swinging Strike
2-1: Ball
3-1: Base on Balls
Batting: SHB Eustacio Tafalla 0-0: Ball
Daniel Maldonado steals 2nd base
1-0: Ball
2-0: Fly out, F7 (Line Drive, 7, EV 110.6 MPH)
Batting: RHB Daniel McCoy 0-0: Called Strike
0-1: Ball
1-1: Ball
2-1: Foul Ball, location: 2F
2-2: Foul Ball, location: 2F
2-2: Ball
3-2: Strikes out swinging
Bottom of the 4th over - 0 runs, 0 hits, 0 errors, 1 left on base; Oakland 2 - Kingston Township 7
TOP OF THE 5TH
Oakland Oaks batting - Pitching for Kingston Township Knights : LHP Chase Sims
Batting: LHB Conor Gotaas 0-0: Swinging Strike
0-1: Ball
1-1: Swinging Strike
1-2: Foul Ball, location: 2F
1-2: Strikes out swinging
Batting: RHB Esteban Vázquez 0-0: Ball
1-0: Ball
2-0: Ball
3-0: Called Strike
3-1: Called Strike
3-2: SINGLE (Line Drive, 6D, EV 100.0 MPH)
Batting: LHB Michael Witt 0-0: Called Strike
0-1: Foul Ball, location: 2F
0-2: Ball
1-2: Ball
2-2: Ball
Esteban Vázquez steals 2nd base
3-2: Base on Balls
Batting: RHB Sebastian Franke 0-0: Hit by Pitch
Esteban Vázquez to third
Michael Witt to second
Batting: RHB John Mast 0-0: Called Strike
0-1: Called Strike
0-2: Strikes out swinging
Batting: RHB Johnny Jones 0-0: Ball
1-0: Ball
2-0: Foul Ball, location: 2F
2-1: Foul Ball, location: 2F
2-2: SINGLE (Flyball, 7LS, EV 86.2 MPH)
Esteban Vázquez scores
Michael Witt to third
Sebastian Franke to second
Runner from 3rd tries for Home, throw by LF and OUT! 7-2
Top of the 5th over - 1 run, 2 hits, 0 errors, 2 left on base; Oakland 3 - Kingston Township 7
BOTTOM OF THE 5TH
Kingston Township Knights batting - Pitching for Oakland Oaks : RHP Won-u Yi
Batting: LHB Ed Mellor 0-0: Ball
1-0: Ground out 6-3 (Groundball, 6, EV 80.6 MPH)
Batting: RHB Holden Ford 0-0: Ball
1-0: Foul Ball, location: 2F
1-1: Fly out, F3 (Popup, 3F, EV 61.9 MPH)
Batting: RHB Amor Campos 0-0: Ground out 5-3 (Groundball, 56S, EV 85.0 MPH)
Bottom of the 5th over - 0 runs, 0 hits, 0 errors, 0 left on base; Oakland 3 - Kingston Township 7
TOP OF THE 6TH
Oakland Oaks batting - Pitching for Kingston Township Knights : LHP Chase Sims
Batting: LHB Gabriel Montoya 0-0: Ball
1-0: Called Strike
1-1: Foul Ball, location: 2F
1-2: Hit by Pitch
Batting: RHB Brock Dean 0-0: Ball
Gabriel Montoya steals 2nd base
1-0: Called Strike
1-1: Foul Ball, location: 2F
1-2: Foul Ball, location: 2F
1-2: Fly out, F8 (Flyball, 78D, EV 94.4 MPH)
Batting: RHB Tony Hernández 0-0: Called Strike
0-1: Called Strike
0-2: Strikes out looking
Batting: LHB Conor Gotaas 0-0: Ball
1-0: Ball
2-0: Ground out 4-3 (Groundball, 4, EV 91.9 MPH)
Top of the 6th over - 0 runs, 0 hits, 0 errors, 1 left on base; Oakland 3 - Kingston Township 7
BOTTOM OF THE 6TH
Kingston Township Knights batting - Pitching for Oakland Oaks : RHP Won-u Yi
Pitching: RHP Ismael Calderón
Batting: RHB Jorge Ozezera 0-0: Ball
1-0: Ball
2-0: Ball
3-0: Foul Ball, location: 2F
3-1: Base on Balls
Batting: RHB Dave Broom 0-0: Ball
1-0: Ball
2-0: Sac Bunt to 2L - play at first, batter OUT! 2-4
Jorge Ozezera to second
Batting: RHB Glenn Curtis 0-0: SINGLE (Line Drive, 4D, EV 101.9 MPH)
Jorge Ozezera to third
Runner from 3rd tries for Home, SAFE, throw by RF to home
Batting: RHB Daniel Maldonado 0-0: Ball
1-0: SINGLE (Groundball, 56D, EV 94.4 MPH)
Glenn Curtis to second
Runner from 2nd tries for 3rd, SAFE, throw by LF made to third
Batting: SHB Eustacio Tafalla 0-0: Called Strike
0-1: Called Strike
0-2: Foul Ball, location: 2F
0-2: Foul Ball, location: 2F
0-2: SINGLE (Flyball, 9S, EV 92.5 MPH)
Glenn Curtis scores
Daniel Maldonado to second
Runner from 2nd tries for 3rd, SAFE, throw by RF made to third
Batting: RHB Daniel McCoy 0-0: Foul Ball, location: 2F
0-1: Swinging Strike
0-2: Ball
1-2: Strikes out swinging
Batting: LHB Ed Mellor 0-0: Ball
Wild Pitch!
Daniel Maldonado scores
Eustacio Tafalla to second
1-0: Called Strike
1-1: Ground out 4-3 (Groundball, 4D, EV 87.5 MPH)
Bottom of the 6th over - 3 runs, 3 hits, 0 errors, 1 left on base; Oakland 3 - Kingston Township 10
TOP OF THE 7TH
Oakland Oaks batting - Pitching for Kingston Township Knights : LHP Chase Sims
Batting: RHB Esteban Vázquez 0-0: Called Strike
0-1: Ball
1-1: Foul Ball, location: 2F
1-2: Strikes out swinging
Batting: LHB Michael Witt 0-0: Fly out, F8 (Line Drive, 8RM, EV 91.2 MPH)
Batting: RHB Sebastian Franke 0-0: Ball
1-0: Foul Ball, location: 2F
1-1: Fly out, F8 (Line Drive, 8RD, EV 98.8 MPH)
Top of the 7th over - 0 runs, 0 hits, 0 errors, 0 left on base; Oakland 3 - Kingston Township 10
BOTTOM OF THE 7TH
Kingston Township Knights batting - Pitching for Oakland Oaks : RHP Ismael Calderón
Batting: RHB Holden Ford 0-0: Called Strike
0-1: Foul Ball, location: 2F
0-2: Ball
1-2: Strikes out swinging
Batting: RHB Amor Campos 0-0: Ball
1-0: Foul Ball, location: 2F
1-1: Called Strike
1-2: Strikes out swinging
Batting: RHB Jorge Ozezera 0-0: Fly out, F8 (Flyball, 8LS, EV 71.9 MPH)
Bottom of the 7th over - 0 runs, 0 hits, 0 errors, 0 left on base; Oakland 3 - Kingston Township 10
TOP OF THE 8TH
Oakland Oaks batting - Pitching for Kingston Township Knights : LHP Chase Sims
Batting: RHB John Mast 0-0: Foul Ball, location: 2F
0-1: Fly out, F9 (Flyball, 9LMF, EV 95.0 MPH)
Batting: RHB Johnny Jones 0-0: Ground out 5-3 (Groundball, 56, EV 104.4 MPH)
Batting: LHB Gabriel Montoya 0-0: Ball
1-0: Ground out 4-3 (Groundball, 34, EV 83.8 MPH)
Top of the 8th over - 0 runs, 0 hits, 0 errors, 0 left on base; Oakland 3 - Kingston Township 10
BOTTOM OF THE 8TH
Kingston Township Knights batting - Pitching for Oakland Oaks : RHP Ismael Calderón
Batting: RHB Dave Broom 0-0: Fly out, F9 (Line Drive, 9D, EV 96.2 MPH)
Batting: RHB Glenn Curtis 0-0: Called Strike
0-1: Foul Ball, location: 2F
0-2: Fly out, F8 (Line Drive, 8LM, EV 96.9 MPH)
Batting: RHB Daniel Maldonado 0-0: Ball
1-0: Ground out 5-3 (Groundball, 5L, EV 86.9 MPH)
Bottom of the 8th over - 0 runs, 0 hits, 0 errors, 0 left on base; Oakland 3 - Kingston Township 10
TOP OF THE 9TH
Oakland Oaks batting - Pitching for Kingston Township Knights : LHP Chase Sims
Batting: RHB Brock Dean 0-0: Ball
1-0: Ground out 5-3 (Groundball, 56, EV 106.2 MPH)
Batting: RHB Tony Hernández 0-0: DOUBLE (Groundball, 5L, EV 97.5 MPH)
Batting: LHB Conor Gotaas 0-0: Ground out 6-3 (Groundball, 56, EV 85.0 MPH)
Batting: RHB Esteban Vázquez 0-0: Ground out 4-3 (Groundball, 34, EV 84.4 MPH)
Top of the 9th over - 0 runs, 1 hit, 0 errors, 1 left on base; Oakland 3 - Kingston Township 10
Tuesday, January 5th, 2021 - OOTP Baseball 20.8 Build 74